Arrhythmia, chaotic female vampiric Convict ... ...().@I. ...<..III .--)%.(.. ..)..). ...... Arrhythmia the Jail-bird Experience level: 8 Strength: 13 Dexterity: 11 Constitution: 20 Intelligence: 11 Wisdom: 7 Charisma: 9 Health: 0(87) Energy: 52(52) AC: 1 Gold: 0 Moves: 4037 Your Inventory: Weapons B - an [uncursed +0] broad pick [dwarvish mattock] R - 4 [uncursed +0] crossbow bolts of detonation Armor x - a cursed -1 dwarvish mithril-coat (being worn) y - an [uncursed] +0 hard hat [dwarvish iron helm] (being worn) z - an [uncursed] thoroughly burnt +0 hooded cloak [dwarvish] (being worn) G - an [uncursed] +0 pair of hard shoes [iron] (being worn) Scrolls Q - an [uncursed] scroll labeled MAPIRO MAHAMA DIROMAT [of teleportation] Wands N - a [cursed] octagonal wand [of probing (0:6)] O - an [uncursed] walnut wand [of teleportation (0:7)] Tools f - an [uncursed] bag [sack] M - an [uncursed tallow] candle P - a cursed [+0] pick-axe [of fumbling] (weapon in hand) Contents of the sack: 515 gold pieces 4 [uncursed +0] daggers a [blessed] +0 iron skull cap [orcish helm] an [uncursed] +0 pair of hard shoes [iron] an [uncursed] scroll labeled ELAM EBOW [of gold detection] an [uncursed] scroll labeled GARVEN DEH [of stinking cloud] a [cursed] scroll labeled HACKEM MUCHE [of fire] an [uncursed] scroll labeled JUYED AWK YACC [of identify] an [uncursed] scroll labeled MAPIRO MAHAMA DIROMAT [of teleportation] 2 [uncursed] scrolls labeled VE FORBRYDERNE [of create monster] an [uncursed] clear potion [of water] a [cursed] potion of sleeping a [cursed -2] platinum ring [of increase accuracy] an [uncursed] crystal wand [of speed monster (0:3)] an [uncursed tallow] candle an [uncursed] lock pick an [uncursed] blue gem [aquamarine] an [uncursed] green gem [worthless glass] an [uncursed] red gem [worthless glass] an [uncursed] violet gem [worthless glass] 2 [uncursed] white gems [worthless glass] 2 [uncursed] yellowish brown gems [worthless glass] Spells known in the end: Name Level Category Fail Memory Your skills at the end: Fighting Skills Weapon Skills sling [Basic / Skilled] Spellcasting Skills Final Attributes: You were piously aligned. Hunger level was 132. Your alignment was 30 / 30. Monster difficulty range was 1 - 7. Level difficulty was 7. You were immune to poison. You were immune to level-drain. You were immune to sickness. You were blinded. You fumbled. You could fly. You could survive without air. You regenerated. Your luck was zero. You are dead. Vanquished creatures: a lizard a dwarf lord a dust vortex a raven 3 fire ants 3 enormous rats 2 rock moles a shrieker a violet fungus 4 gnome lords a gnomish wizard a gray ooze an elf zombie a giant ant a floating eye a kitten 5 dwarves 2 homunculi 3 rothes a centipede 2 giant bats a werejackal 2 iguanas an acid blob 4 hobbits 6 manes a hobgoblin a giant rat 2 cave spiders 29 gnomes 3 geckos 4 jackals 2 kobolds 4 goblins a sewer rat a grid bug 4 lichens 2 newts 105 creatures vanquished. Voluntary challenges: You went without food. You used a wielded weapon 35 times. You read items or engraved 1006 times. You put on armor 9 times. You never genocided any monsters. You never polymorphed an object. You never changed form. You used no wishes. You wrote Elbereth's name 200 times. You never encountered a bones level. You never used any Sokoban shortcuts. Dungeon overview: The Dungeons of Doom: levels 1 to 4 Level 1 a long staircase Level 2 a bookstore Level 3 a sink Level 4 stairs to The Gnomish Mines The Gnomish Mines: levels 5 to 7 Level 5 stairs to The Dungeons of Doom Level 7 <- You were here History has recorded: On T:1 you entered the Dungeons of Doom to retrieve the Amulet of Yendor! On T:323 you advanced to experience level 2. On T:637 you reached level 2 of The Dungeons of Doom. On T:749 you advanced to experience level 3. On T:1158 you reached level 3 of The Dungeons of Doom. On T:1161 you advanced to experience level 4. On T:1574 you reached level 4 of The Dungeons of Doom. On T:1586 you advanced to experience level 5. On T:2252 you advanced to experience level 6. On T:2581 you reached level 1 of The Gnomish Mines. On T:2692 you advanced to experience level 7. On T:3450 you reached level 2 of The Gnomish Mines. On T:3566 you advanced to experience level 8. On T:3766 you reached level 3 of The Gnomish Mines. Latest messages: [HP+1=12] You scrawl "Elbereth" with your fingers onto the floor. [HP+1=13] You scrawl "Elbereth" with your fingers onto the floor. [HP+1=14] You scrawl "Elbereth" with your fingers onto the floor. [HP+1=15] You scrawl "Elbereth" with your fingers onto the floor. It misses. It bites! [HP-4=11] You scrawl "Elbereth" with your fingers onto the floor. It misses. (2x) [HP+1=12] You scrawl "Elbereth" with your fingers onto the floor. It bites! It misses. It bites! It just misses! [HP-10=2] You scrawl "Elbereth" with your fingers onto the floor. It bites! (2x) You die... Final status: Goodbye Arrhythmia the Convict... You died in The Gnomish Mines on dungeon level 7 with 4566 points, and 515 pieces of gold, after 4037 moves. You were level 8 with a maximum of 87 hit points when you died.